 Dungeon Crawl Stone Soup version 0.18.1-8-gdd0e5ea (webtiles) character file.

80 juanjsm the Insei (level 4, -7/28 HPs)
             Began as an Octopode Transmuter on June 7, 2016.
             Mangled by Sigmund
             ... wielding a +0 scythe
              (11 damage)
             ... on level 2 of the Dungeon.
             The game lasted 00:05:03 (1282 turns).

juanjsm the Insei (Octopode Transmuter)             Turns: 1282, Time: 00:05:04

Health: -7/28      AC:  2    Str:  9    XL:     4   Next: 39%
Magic:  3/8        EV: 20    Int: 16    God:
Gold:   67         SH:  0    Dex: 17    Spells: 2 memorised, 4 levels left

rFire  . . .     SeeInvis .       - Unarmed
rCold  . . .     Gourm    .     (shield currently unavailable)
rNeg   . . .     Faith    .     (helmet currently unavailable)
rPois  x         Spirit   .     (no amulet)
rElec  .         Dismiss  .     i - ring of loudness (curse)
rCorr  .         Reflect  .     (no ring)
SustAt .         Harm     .     (no ring)
MR     .....                    (no ring)
Stlth  +.........               (no ring)
                                (no ring)
                                (no ring)
                                (no ring)

@: spider-form (expiring), not resistant to hostile enchantments, very
unstealthy
A: almost no armour, (amphibious), 8 rings, (constrict 8), (camouflage 0),
(gelatinous body 0)
a: End Transformation


You were on level 2 of the Dungeon.
You were not hungry.
You were a venomous arachnid creature.
You visited 1 branch of the dungeon, and saw 2 of its levels.

You collected 67 gold pieces.

Inventory:

Hand Weapons
 j - a +2 vampiric dagger
 n - a +0 hunting sling
Missiles
 a - 29 arrows
Jewellery
 i - a cursed ring of loudness (left front leg)
Scrolls
 f - a scroll of amnesia {unknown}
 g - a scroll of recharging {unknown}
 h - a scroll of identify {unknown}
Potions
 d - a potion of lignification {unknown}
 e - a potion of degeneration {unknown}
 k - a potion of curing
 l - a potion of berserk rage {unknown}
Books
 b - a book of Changes

   Spells                             Type                      Level
   a - Beastly Appendage              Transmutation                1
   b - Sticks to Snakes               Transmutation                2
   c - Spider Form                    Transmutation/Poison         3
   d - Ice Form                       Ice/Transmutation            4
   e - Blade Hands                    Transmutation                5
Comestibles
 c - 4 bread rations
 m - 4 chunks of flesh


   Skills:
 + Level 1.1 Fighting
 + Level 2.4 Dodging
 + Level 1.9 Stealth
 + Level 3.5 Unarmed Combat
 + Level 2.7 Spellcasting
 + Level 2.6 Transmutations


You had 4 spell levels left.
You knew the following spells:

 Your Spells              Type           Power        Failure   Level  Hunger
a - Beastly Appendage     Trmt           ##....       24%         1    #......
b - Spider Form           Trmt/Pois      #.........   56%         3    ###....


Dungeon Overview and Level Annotations

Branches:
Dungeon (2/15)

Altars:

Annotations:
D:2 Sigmund


Innate Abilities, Weirdness & Mutations

You cannot wear most types of armour.
((You are amphibious.))
You can wear up to eight rings at the same time.
((You can use your tentacles to constrict eight enemies at once.))
((Your skin changes colour to match your surroundings (Stealth).))
((Your rubbery body absorbs attacks (AC +1).))


Message History

Sigmund is moderately wounded.
Your transformation is almost over.
Sigmund gestures wildly while chanting.
Sigmund flickers and vanishes!
Deactivating autopickup; reactivate with Ctrl-A.
You are too confused!
You are too confused!
Something closely misses you.
You miss something.
You hear some strange, mumbled words.
Something tries to affect you, but you resist.
You hit something. Something closely misses you.
You see here a robe.
A magic dart appears from out of thin air!
The magic dart hits you!
* * * LOW HITPOINT WARNING * * *
You feel less confused. Something misses you.
You closely miss something. Something hits you!
You die...

...............#
.......<.......#
...............# #.
####'####......# ..# #.#
#.# #......# #.# .... #.#
###########.#####.... #.#
#.....##.....@....
#.#######.#.#.##..........
#...........[s##......?...
####.####.#.#{##..........
#.# #.#.#.)'.......... #.#
#.#.#)##..........
#.####.#.#.##..........
#........#.########....
####.......# ... #.#.....#
## #.####..#


There were no monsters in sight!

Vanquished Creatures
  Jessica (D:2)
  2 worms (D:2)
  2 dart slugs (D:1)
  A giant gecko (D:1)
  5 bats (D:1)
  A giant cockroach (D:1)
  8 goblins
  8 hobgoblins
  6 kobolds
  A quokka (D:2)
  2 giant newts
  5 rats
42 creatures vanquished.

Notes
Turn   | Place    | Note
--------------------------------------------------------------
     0 | D:1      | juanjsm the Octopode Transmuter began the quest for the Orb.
     0 | D:1      | Reached XP level 1. HP: 13/13 MP: 3/3
   317 | D:1      | Reached XP level 2. HP: 18/18 MP: 3/5
   606 | D:1      | Reached XP level 3. HP: 23/23 MP: 4/6
   611 | D:1      | Learned a level 3 spell: Spider Form
   620 | D:1      | Reached skill level 1 in Stealth
  1218 | D:2      | Noticed Jessica
  1226 | D:2      | Killed Jessica
  1226 | D:2      | Reached XP level 4. HP: 18/28 MP: 2/7
  1257 | D:2      | Noticed Sigmund
  1282 | D:2      | Mangled by Sigmund

Skill      XL: |  1  2  3 |
---------------+----------+-----
Stealth        | 1 |  1.9
Fighting       | |  1.1
Dodging        | |  2.4
Unarmed Combat | |  3.5
Spellcasting   | |  2.7
Transmutations | |  2.6

Action                   |  1- 3 |  4- 6 || total
-------------------------+-------+-------++-------
Melee: Unarmed           |    74 |    20 ||    94
       Constrict         |    22 |     2 ||    24
       Tentacles         |    14 |     2 ||    16
       Kick              |    16 |     2 ||    18
 Cast: Beastly Appendage |    20 |     2 ||    22
       Spider Form       |     1 |     1 ||     2
  Use: Potion            |       |     1 ||     1
 Stab: Sleeping          |     6 |       ||     6
  Eat: Chunk             |     1 |     1 ||     2
Armor: Skin              |     4 |       ||     4
Dodge: Dodged            |    29 |    13 ||    42
